| TOP OF THE 1ST |
|
Milwaukee Brewers batting - Pitching for Atlanta Braves : RHP Matt Sigurdson
|
|
Pitching: RHP Matt Sigurdson
|
|
|
Batting: LHB Tetsuya Oba
|
0-0: Foul Ball, location: 2F 0-1: Called Strike 0-2: Ball 1-2: Strikes out looking
|
|
Batting: RHB Daniel Donovan
|
0-0: Foul Ball, location: 2F 0-1: Ball 1-1: Ball 2-1: TRIPLE (Flyball, 78XD, EV 98.8 MPH)
|
|
Batting: RHB Bobby Muniz
|
0-0: Ball 1-0: Foul Ball, location: 2F 1-1: Called Strike 1-2: Ball 2-2: Ball 3-2: Base on Balls
|
|
Batting: SHB Jason Woods
|
0-0: Grounds into double play, U3-6 (Groundball, 3L, EV 91.2 MPH)
|
| Top of the 1st over - 0 runs, 1 hit, 0 errors, 1 left on base; Milwaukee 0 - Atlanta 0 |
| BOTTOM OF THE 1ST |
|
Atlanta Braves batting - Pitching for Milwaukee Brewers : RHP Cody Autry
|
|
Pitching: RHP Cody Autry
|
|
|
Batting: LHB Tsutomu Miyahara
|
0-0: Foul Ball, location: 2F 0-1: Ball 1-1: Foul Ball, location: 2F 1-2: Ball 2-2: SINGLE (Groundball, 4D, EV 101.2 MPH)
|
|
Batting: RHB Hisayuki Akiyama
|
0-0: Ball 1-0: Called Strike 1-1: Ball 2-1: Ball 3-1: Fly out, F7 (Flyball, 7, EV 88.1 MPH)
|
|
Batting: RHB Jim Zucco
|
0-0: Swinging Strike 0-1: Foul Ball, location: 2F 0-2: Ball 1-2: SINGLE (Groundball, 4MS, EV 94.4 MPH) Tsutomu Miyahara to second Runner from 2nd tries for 3rd, SAFE, throw by CF made to third
|
|
Batting: RHB Jordan Martin
|
0-0: Ball 1-0: Ball 2-0: Ball 3-0: Base on Balls Jim Zucco to second
|
|
Batting: LHB Erik Gretzky
|
0-0: Ball 1-0: Swinging Strike 1-1: Fly out, F8 (Flyball, 8RM, EV 90.6 MPH)
|
|
Batting: RHB Ramon Villarreal
|
0-0: SINGLE (Line Drive, 9S, EV 93.1 MPH) Tsutomu Miyahara scores Jim Zucco to third Jordan Martin to second Runner from 3rd tries for Home, SAFE, throw by RF to home
|
|
Batting: RHB Ike Trout
|
0-0: Called Strike 0-1: Foul Ball, location: 2F 0-2: Ball 1-2: Foul Ball, location: 2F 1-2: Strikes out swinging
|
| Bottom of the 1st over - 2 runs, 3 hits, 0 errors, 2 left on base; Milwaukee 0 - Atlanta 2 |
| TOP OF THE 2ND |
|
Milwaukee Brewers batting - Pitching for Atlanta Braves : RHP Matt Sigurdson
|
|
Batting: RHB Akitada Nishizawa
|
0-0: Ball 1-0: Ball 2-0: Ball 3-0: Base on Balls
|
|
Batting: SHB Jean-François Bernard
|
0-0: Called Strike Akitada Nishizawa steals 2nd, throwing error, E2 Akitada Nishizawa to third 0-1: Called Strike 0-2: Ball 1-2: Foul Ball, location: 2F 1-2: Foul Ball, location: 2F 1-2: Ball 2-2: Foul Ball, location: 2F 2-2: Foul Ball, location: 2F 2-2: Strikes out swinging
|
|
Batting: RHB Noah Stanley
|
0-0: Called Strike 0-1: Ground out 6-3 (Groundball, 6, EV 86.2 MPH) Akitada Nishizawa scores
|
|
Batting: RHB Kisho Ito
|
0-0: Ball 1-0: Ball 2-0: Swinging Strike 2-1: Ground out 3-1 (Groundball, 34S, EV 81.9 MPH)
|
| Top of the 2nd over - 1 run, 0 hits, 1 error, 0 left on base; Milwaukee 1 - Atlanta 2 |
| BOTTOM OF THE 2ND |
|
Atlanta Braves batting - Pitching for Milwaukee Brewers : RHP Cody Autry
|
|
Batting: SHB Bob Morales
|
0-0: Called Strike 0-1: SINGLE (Flyball, 8RS, EV 91.9 MPH)
|
|
Batting: RHB Tade Post
|
0-0: Foul Ball, location: 2F 0-1: Foul Ball, location: 2F 0-2: Ball 1-2: Ball 2-2: Strikes out swinging
|
|
Batting: LHB Tsutomu Miyahara
|
0-0: Called Strike Bob Morales is caught stealing 2nd base 2-6 0-1: Foul Ball, location: 2F 0-2: Fly out, F9 (Flyball, 9S, EV 83.8 MPH)
|
| Bottom of the 2nd over - 0 runs, 1 hit, 0 errors, 0 left on base; Milwaukee 1 - Atlanta 2 |
| TOP OF THE 3RD |
|
Milwaukee Brewers batting - Pitching for Atlanta Braves : RHP Matt Sigurdson
|
|
Batting: RHB Ben Campbell
|
0-0: Ball 1-0: SINGLE (Flyball, 89S, EV 91.9 MPH)
|
|
Batting: LHB Tetsuya Oba
|
0-0: Foul Ball, location: 2F 0-1: Ball 1-1: Swinging Strike 1-2: Foul Ball, location: 2F 1-2: SINGLE (Groundball, 34D, EV 103.8 MPH) Ben Campbell to second
|
|
Batting: RHB Daniel Donovan
|
0-0: Swinging Strike 0-1: Ball 1-1: Fielders Choice at 2nd, 3-6 (Groundball, 34, EV 101.2 MPH) Ben Campbell to third
|
|
Batting: RHB Bobby Muniz
|
0-0: Ball 1-0: Called Strike 1-1: Ball 2-1: Foul Ball, location: 2F 2-2: Strikes out swinging
|
|
Batting: SHB Jason Woods
|
0-0: Ball 1-0: Ball 2-0: Called Strike 2-1: Called Strike 2-2: Ball 3-2: Foul Ball, location: 2F 3-2: SINGLE (Groundball, 34D, EV 96.2 MPH) Ben Campbell scores Daniel Donovan to second Daniel Donovan to third
|
|
Batting: RHB Akitada Nishizawa
|
0-0: Ground out 4-3 (Groundball, 4, EV 82.5 MPH)
|
| Top of the 3rd over - 1 run, 3 hits, 0 errors, 2 left on base; Milwaukee 2 - Atlanta 2 |
| BOTTOM OF THE 3RD |
|
Atlanta Braves batting - Pitching for Milwaukee Brewers : RHP Cody Autry
|
|
Batting: RHB Hisayuki Akiyama
|
0-0: Called Strike 0-1: Called Strike 0-2: Foul Ball, location: 2F 0-2: Strikes out swinging, 2-3 out at first.
|
|
Batting: RHB Jim Zucco
|
0-0: Foul Ball, location: 2F 0-1: Foul Ball, location: 2F 0-2: Strikes out swinging
|
|
Batting: RHB Jordan Martin
|
0-0: Foul Ball, location: 2F 0-1: Ball 1-1: Ball 2-1: Ball 3-1: Foul Ball, location: 2F 3-2: Base on Balls
|
|
Batting: LHB Erik Gretzky
|
0-0: Called Strike 0-1: Ball 1-1: Ball 2-1: Ball 3-1: Base on Balls Jordan Martin to second
|
|
Batting: RHB Ramon Villarreal
|
0-0: Called Strike 0-1: Foul Ball, location: 2F 0-2: Ball 1-2: Strikes out swinging
|
| Bottom of the 3rd over - 0 runs, 0 hits, 0 errors, 2 left on base; Milwaukee 2 - Atlanta 2 |
| TOP OF THE 4TH |
|
Milwaukee Brewers batting - Pitching for Atlanta Braves : RHP Matt Sigurdson
|
|
Batting: SHB Jean-François Bernard
|
0-0: Called Strike 0-1: Ball 1-1: SINGLE (Line Drive, 4MD, EV 94.4 MPH)
|
|
Batting: RHB Noah Stanley
|
0-0: Swinging Strike 0-1: Called Strike 0-2: Ball 1-2: Foul Ball, location: 2F 1-2: Strikes out looking
|
|
Pitching: LHP Jason Zaugg
|
|
|
Batting: RHB Kisho Ito
|
0-0: Ball 1-0: Called Strike 1-1: Ball 2-1: Foul Ball, location: 2F 2-2: Ball 3-2: Base on Balls Jean-François Bernard to second
|
|
Batting: RHB Ben Campbell
|
0-0: Ball 1-0: Swinging Strike 1-1: Swinging Strike 1-2: Ball 2-2: Strikes out swinging
|
|
Batting: RHB Adrian Rudkilde
|
0-0: Ball 1-0: Fly out, F8 (Flyball, 8RD, EV 107.5 MPH)
|
| Top of the 4th over - 0 runs, 1 hit, 0 errors, 2 left on base; Milwaukee 2 - Atlanta 2 |
| BOTTOM OF THE 4TH |
|
Atlanta Braves batting - Pitching for Milwaukee Brewers : RHP Cody Autry
|
|
Batting: RHB Ike Trout
|
0-0: Ball 1-0: Ball 2-0: Foul Ball, location: 2F 2-1: Ball 3-1: Base on Balls
|
|
Pitching: RHP Chitoji Takemoto
|
|
|
Batting: SHB Bob Morales
|
0-0: Swinging Strike 0-1: Ball 1-1: Ball 2-1: Swinging Strike 2-2: Strikes out swinging
|
|
Batting: RHB Tade Post
|
0-0: Ball 1-0: Called Strike Ike Trout is caught stealing 2nd base 2-4 1-1: Swinging Strike 1-2: Strikes out swinging
|
| Bottom of the 4th over - 0 runs, 0 hits, 0 errors, 0 left on base; Milwaukee 2 - Atlanta 2 |
| TOP OF THE 5TH |
|
Milwaukee Brewers batting - Pitching for Atlanta Braves : LHP Jason Zaugg
|
|
Now at 1B: Jae-ik Soung
|
|
|
Now in LF: Colin Worthington
|
|
|
Batting: RHB Daniel Donovan
|
0-0: Called Strike 0-1: Ground out 1-3 (Groundball, 15S, EV 66.9 MPH)
|
|
Batting: RHB Bobby Muniz
|
0-0: Called Strike 0-1: Foul Ball, location: 2F 0-2: Ground out U3 (Groundball, 34, EV 99.4 MPH)
|
|
Pinch Hitting: SHB Pat Wilson
|
0-0: SINGLE (Groundball, 4MD, EV 106.9 MPH)
|
|
Pinch Hitting: LHB Gabe Harvey
|
0-0: Ball 1-0: Called Strike 1-1: Fly out, F7 (Flyball, 7LM, EV 90.0 MPH)
|
| Top of the 5th over - 0 runs, 1 hit, 0 errors, 1 left on base; Milwaukee 2 - Atlanta 2 |
| BOTTOM OF THE 5TH |
|
Atlanta Braves batting - Pitching for Milwaukee Brewers : RHP Chitoji Takemoto
|
|
Pitching: RHP Hector Bojorquez
|
|
|
Now at C: Katsunan Akimoto
|
|
|
Now at 2B: Mike Ball
|
|
|
Now in CF: Pat Wilson
|
|
|
Now in RF: Gabe Harvey
|
|
|
Batting: LHB Jae-ik Soung
|
0-0: Ball 1-0: Ball 2-0: Foul Ball, location: 2F 2-1: Ball 3-1: Foul Ball, location: 2F 3-2: DOUBLE (Line Drive, 7LD, EV 111.9 MPH)
|
|
Pinch Hitting: RHB Xavier Davis
|
0-0: Swinging Strike 0-1: Ball 1-1: Called Strike 1-2: Ground out 4-3 (Groundball, 4, EV 102.5 MPH) Jae-ik Soung to third
|
|
Batting: RHB Jim Zucco
|
0-0: Called Strike 0-1: Called Strike 0-2: Ball 1-2: Ball 2-2: Ball 3-2: Strikes out swinging
|
|
Batting: RHB Jeckel Hester
|
0-0: DOUBLE (Line Drive, 7LD, EV 104.4 MPH) Jae-ik Soung scores
|
|
Pinch Hitting: RHB Liangde Li
|
0-0: Swinging Strike 0-1: Called Strike 0-2: Foul Ball, location: 2F 0-2: Foul Ball, location: 2F 0-2: Foul Ball, location: 2F 0-2: Foul Ball, location: 2F 0-2: Ball 1-2: Ball 2-2: Ball 3-2: Foul Ball, location: 2F 3-2: Ground out 6-3 (Groundball, 6, EV 106.2 MPH)
|
| Bottom of the 5th over - 1 run, 2 hits, 0 errors, 1 left on base; Milwaukee 2 - Atlanta 3 |
| TOP OF THE 6TH |
|
Milwaukee Brewers batting - Pitching for Atlanta Braves : LHP Jason Zaugg
|
|
Now at 2B: Joe Young
|
|
|
Now at 3B: Xavier Davis
|
|
|
Now at SS: Hieronim Rutkowski
|
|
|
Now in CF: Liangde Li
|
|
|
Now in RF: Chad Persaud
|
|
|
Batting: RHB Mike Ball
|
0-0: Ball 1-0: Ground out 5-3 (Groundball, 56S, EV 83.8 MPH)
|
|
Batting: RHB Noah Stanley
|
0-0: Called Strike 0-1: Called Strike 0-2: Ball 1-2: Foul Ball, location: 2F 1-2: Ball 2-2: SOLO HOME RUN (Flyball, 7D, EV 103.8 MPH), Distance : 419 ft
|
|
Batting: RHB Kisho Ito
|
0-0: Called Strike 0-1: Ball 1-1: Ground out 6-3 (Groundball, 4M, EV 85.6 MPH)
|
|
Batting: RHB Ben Campbell
|
0-0: Ball 1-0: Called Strike 1-1: Ball 2-1: Ball 3-1: Foul Ball, location: 2F 3-2: Strikes out looking
|
| Top of the 6th over - 1 run, 1 hit, 0 errors, 0 left on base; Milwaukee 3 - Atlanta 3 |
| BOTTOM OF THE 6TH |
|
Atlanta Braves batting - Pitching for Milwaukee Brewers : RHP Hector Bojorquez
|
|
Batting: LHB Chad Persaud
|
0-0: Fly out, F7 (Flyball, 78M, EV 86.2 MPH)
|
|
Batting: LHB Colin Worthington
|
0-0: Foul Ball, location: 2F 0-1: Foul Ball, location: 2F 0-2: Strikes out swinging
|
|
Batting: RHB Hieronim Rutkowski
|
0-0: Called Strike 0-1: Called Strike 0-2: Strikes out swinging
|
| Bottom of the 6th over - 0 runs, 0 hits, 0 errors, 0 left on base; Milwaukee 3 - Atlanta 3 |
| TOP OF THE 7TH |
|
Milwaukee Brewers batting - Pitching for Atlanta Braves : LHP Jason Zaugg
|
|
Pitching: RHP Gordon Cushing
|
|
|
Batting: RHB Adrian Rudkilde
|
0-0: Swinging Strike 0-1: Reached on error, E2 (Groundball, 15S, EV 70.6 MPH)
|
|
Pinch Hitting: SHB Jamel Wright
|
0-0: Called Strike 0-1: Called Strike 0-2: Strikes out swinging
|
|
Batting: LHB Katsunan Akimoto
|
0-0: Ball 1-0: Swinging Strike 1-1: Called Strike Adrian Rudkilde is caught stealing 3rd base 2-5 1-2: Ground out 4-3 (Groundball, 4, EV 84.4 MPH)
|
| Top of the 7th over - 0 runs, 0 hits, 1 error, 0 left on base; Milwaukee 3 - Atlanta 3 |
| BOTTOM OF THE 7TH |
|
Atlanta Braves batting - Pitching for Milwaukee Brewers : RHP Hector Bojorquez
|
|
Pitching: RHP Adam McCurdy
|
|
|
Now in LF: Jamel Wright
|
|
|
Batting: RHB Tade Post
|
0-0: Called Strike 0-1: Foul Ball, location: 2F 0-2: Ball 1-2: Foul Ball, location: 2F 1-2: Ball 2-2: Strikes out swinging
|
|
Batting: LHB Jae-ik Soung
|
0-0: Called Strike 0-1: Ball 1-1: Swinging Strike 1-2: Ball 2-2: Strikes out looking
|
|
Batting: RHB Xavier Davis
|
0-0: Called Strike 0-1: Ball 1-1: Ball 2-1: Ground out 4-3 (Groundball, 4, EV 80.6 MPH)
|
| Bottom of the 7th over - 0 runs, 0 hits, 0 errors, 0 left on base; Milwaukee 3 - Atlanta 3 |
| TOP OF THE 8TH |
|
Milwaukee Brewers batting - Pitching for Atlanta Braves : RHP Gordon Cushing
|
|
Pitching: RHP Jeremy Kasten
|
|
|
Batting: SHB Pat Wilson
|
0-0: Ball 1-0: Foul Ball, location: 2F 1-1: Called Strike 1-2: Ball 2-2: Foul Ball, location: 2F 2-2: Foul Ball, location: 2F 2-2: Strikes out looking
|
|
Batting: LHB Gabe Harvey
|
0-0: Ball 1-0: Foul Ball, location: 2F 1-1: Ball 2-1: Ball 3-1: Fly out, F9 (Flyball, 9S, EV 88.1 MPH)
|
|
Batting: RHB Mike Ball
|
0-0: Foul Ball, location: 2F 0-1: DOUBLE (Line Drive, 7LM, EV 106.2 MPH)
|
|
Batting: RHB Noah Stanley
|
0-0: Ball 1-0: Foul Ball, location: 2F 1-1: Ball 2-1: Swinging Strike 2-2: Ground out U3 (Groundball, 34, EV 100.0 MPH)
|
| Top of the 8th over - 0 runs, 1 hit, 0 errors, 1 left on base; Milwaukee 3 - Atlanta 3 |
| BOTTOM OF THE 8TH |
|
Atlanta Braves batting - Pitching for Milwaukee Brewers : RHP Adam McCurdy
|
|
Pitching: RHP Jose Avila
|
|
|
Pinch Hitting: LHB Ben Goldstein
|
0-0: Ball 1-0: Called Strike 1-1: Called Strike 1-2: Foul Ball, location: 2F 1-2: Strikes out looking
|
|
Batting: RHB Jeckel Hester
|
0-0: Ball 1-0: Foul Ball, location: 2F 1-1: Ball 2-1: Foul Ball, location: 2F 2-2: Strikes out looking
|
|
Batting: RHB Liangde Li
|
0-0: Called Strike 0-1: Foul Ball, location: 2F 0-2: Foul Ball, location: 2F 0-2: Ball 1-2: Strikes out swinging
|
| Bottom of the 8th over - 0 runs, 0 hits, 0 errors, 0 left on base; Milwaukee 3 - Atlanta 3 |
| TOP OF THE 9TH |
|
Milwaukee Brewers batting - Pitching for Atlanta Braves : RHP Jeremy Kasten
|
|
Pitching: RHP Victor Munoz
|
|
|
Now at 2B: Sam Dowdy
|
|
|
Batting: RHB Kisho Ito
|
0-0: Ball 1-0: Fly out, F3 (Popup, 3F, EV 66.2 MPH)
|
|
Batting: RHB Ben Campbell
|
0-0: SINGLE (Groundball, 4MD, EV 95.0 MPH)
|
|
Batting: RHB Adrian Rudkilde
|
0-0: Ball 1-0: Foul Ball, location: 2F 1-1: SINGLE (Flyball, 3D, EV 96.2 MPH) Ben Campbell to second
|
|
Batting: SHB Jamel Wright
|
0-0: Called Strike 0-1: Swinging Strike 0-2: DOUBLE (Flyball, 89D, EV 105.6 MPH) Ben Campbell scores Adrian Rudkilde to third Runner from 3rd tries for Home, SAFE, throw by CF to home
|
|
Batting: LHB Katsunan Akimoto
|
0-0: Called Strike 0-1: Ball Jamel Wright is caught stealing 3rd base 2-5 1-1: Ground out 5-3 (Groundball, 56S, EV 85.0 MPH)
|
| Top of the 9th over - 2 runs, 3 hits, 0 errors, 0 left on base; Milwaukee 5 - Atlanta 3 |
| BOTTOM OF THE 9TH |
|
Atlanta Braves batting - Pitching for Milwaukee Brewers : RHP Jose Avila
|
|
Pitching: RHP Brett Rosinsky
|
|
|
Batting: LHB Chad Persaud
|
0-0: Called Strike 0-1: Ball 1-1: Swinging Strike 1-2: Ball 2-2: Ball 3-2: Strikes out swinging
|
|
Batting: LHB Colin Worthington
|
0-0: Swinging Strike 0-1: SINGLE (Groundball, 56D, EV 103.1 MPH)
|
|
Batting: RHB Hieronim Rutkowski
|
0-0: Called Strike 0-1: Ball 1-1: Called Strike 1-2: Foul Ball, location: 2F 1-2: Fielders Choice at 2nd, 5-4 (Groundball, 56, EV 81.2 MPH)
|
|
Pinch Hitting: LHB Oke Monti
|
0-0: Foul Ball, location: 2F 0-1: Ball 1-1: Ball 2-1: Foul Ball, location: 2F 2-2: Foul Ball, location: 2F 2-2: Strikes out swinging
|
| Bottom of the 9th over - 0 runs, 1 hit, 0 errors, 1 left on base; Milwaukee 5 - Atlanta 3 |
|